 Dungeon Crawl Stone Soup version 0.28.0-1-gb440e238dd (webtiles) character file.

Game seed: 15771235770172335865

8692 trckry the Summoner (level 11, -2/88 HPs)
             Began as an Ogre Summoner on Feb 19, 2022.
             Was an Initiate of Ru.
             Slain by a meliai (12 damage)
             ... in a Gauntlet.
             The game lasted 00:46:13 (13113 turns).

trckry the Summoner (Ogre Summoner)                Turns: 13113, Time: 00:46:14

Health: -2/88      AC:  6    Str: 16    XL:     11   Next: 34%
Magic:  25/25      EV:  9    Int: 20    God:    Ru [......]
Gold:   1281       SH:  5    Dex:  9    Spells: 21/30 levels left

rFire   . . .      SeeInvis +   c - +1 whip (elec)
rCold   . . .      Faith    .   (no shield)
rNeg    . . .      Spirit   .   o - +0 steam dragon scales
rPois   .          Reflect  +   (helmet restricted)
rElec   .          Harm     .   (no cloak)
rCorr   .          Rampage  .   (gloves unavailable)
Will    +....      Clarity  +   (boots unavailable)
Stlth   +......... NoTele   +   g - amulet of reflection
HPRegen 0.24/turn               p - ring of see invisible
MPRegen 0.19/turn               (no ring)

@: lethally poisoned (-2 -> -13), studying Earth Magic
A: large, unfitting armour, tough skin 1, fangs 1, clarity, strong 1
a: Renounce Religion


You were in a Gauntlet.
You worshipped Ru.
Ru was noncommittal.
You visited 2 branches of the dungeon, and saw 12 of its levels.
You also visited: Sewer and Gauntlet.

You collected 1410 gold pieces.
You spent 129 gold pieces at shops.

Inventory:

Hand Weapons
 c - a +1 whip of electrocution (weapon)
 l - the +6 long sword of Gury {speed, rElec rN++ Int-4 SInv}
   (You found it on level 7 of the Dungeon)

   Attacks with this weapon are significantly faster.
   Int:       It affects your intelligence (-4).
   rElec:     It insulates you from electricity.
   rN:        It greatly protects you from negative energy.
   SInv:      It lets you see invisible.
Missiles
 m - 28 poisoned darts (quivered)
 q - a curare-tipped dart
 s - 4 large rocks
Armour
 o - +0 steam dragon scales (worn)
Jewellery
 g - an amulet of reflection (around neck)
 p - a ring of see invisible (left hand)
Wands
 i - a wand of polymorph (13)
 v - a wand of flame (37)
 y - a wand of mindburst (9)
Scrolls
 b - a scroll of enchant armour
 d - 10 scrolls of identify
 e - a scroll of magic mapping
 f - 2 scrolls of vulnerability
 h - 2 scrolls of teleportation
 j - 2 scrolls of immolation
 k - a scroll of fear
 x - a scroll of amnesia
Potions
 a - a potion of haste
 n - a potion of heal wounds
 r - a potion of resistance
 t - 3 potions of mutation
 u - 2 potions of brilliance
 z - a potion of lignification


   Skills:
 - Level 1.7 Dodging
 - Level 1.4 Stealth
 - Level 10.0 Spellcasting
 * Level 12.8 Summonings
 - Level 6.0 Air Magic


You had 21 spell levels left.
You knew the following spells:

 Your Spells              Type           Power      Damage    Failure   Level
b - Call Imp              Summ           57%        N/A       1%          2
c - Call Canine Familiar  Summ           57%        N/A       1%          3
d - Summon Lightning Spi  Summ/Air       47%        N/A       1%          4

Your spell library contained the following spells:

 Spells                   Type           Power      Damage    Failure   Level
 Summon Small Mammal      Summ           100%       N/A       1%          1
 Summon Guardian Golem    Hex/Summ       35%        N/A       1%          3
 Summon Ice Beast         Ice/Summ       35%        N/A       4%          4
 Frozen Ramparts          Ice            20%        1d4       21%         3
 Ice Form                 Ice/Tmut       10%        N/A       56%         4
 Dispersal                Tloc           5%         N/A       100%        6
 Disjunction              Tloc           5%         N/A       100%        8


Dungeon Overview and Level Annotations

Branches:
Dungeon (12/15)            Temple (1/1) D:6           Sewer (visited)
Gauntlet (1/1)
   Lair: D:8-11         Orc: D:9-12

Altars:
Ashenzari
Cheibriados
Dithmenos
Fedhas
Hepliaklqana
Makhleb
Qazlal
Ru
Trog
Uskayaw
Vehumet
Xom
Yredelemnul
Zin
The Shining One

Shops:
D:5 ?!

Annotations:
Gauntlet 11 transporters, exclusion: ice statue


Innate Abilities, Weirdness & Mutations

You are too large for most types of armour.
You have tough skin. (AC +1)
You have very sharp teeth.
You possess an exceptional clarity of mind.
Your muscles are strong. (Str +2)


Message History

You are poisoned.
You block the meliai's attack.
You feel very sick.
The meliai enters a dispersal trap!
The meliai blinks!
You blink.
The meliai blinks!
You see here a +0 cloak of willpower.
Casting: Summon Lightning Spire (mildly dangerous; 1% risk of failure)
Confirm with . or Enter, or press ? or * to list all spells.
You feel very sick.
The meliai enters a dispersal trap!
You blink.
The meliai blinks!
You feel sick.
The meliai enters a dispersal trap!
The meliai blinks! x2
Your wolf blinks!
You blink.
The meliai blinks!
Casting: Call Canine Familiar (safe; 1% risk of failure)
Confirm with . or Enter, or press ? or * to list all spells.
An electric hum fills the air.
You feel sick.
The meliai mumbles some strange prayers to its god against you.
Something smites you!
The meliai enters a dispersal trap!
Your wolf blinks!
The meliai blinks!
The meliai enters a dispersal trap!
You blink. x2
The meliai blinks!
You feel sick.
The meliai hits you with a +0 hand axe of venom.
The meliai stings you.
You are more poisoned.
The meliai poisons you!
You feel very sick. You block the meliai's attack. The meliai stings you.
The meliai hits you with a +0 hand axe of venom.
* * * LOW HITPOINT WARNING * * *
The meliai stings you but does no damage.
You feel very sick.
The meliai invokes the aid of its god against you.
Something smites you!
* * * LOW HITPOINT WARNING * * *
Magic courses through your body.
* * * LOW HITPOINT WARNING * * *
You feel very sick.
The meliai hits you with a +0 hand axe of venom!
You die...

#8# #8# #8# #8# #8#
#####################
###≈............§§≈§...
#8#.......©.....§§.§§..
###..###########§§§####
#..#.........#...#b..
###..#.#.h.#^#.#.∩.#...
#8#..#.yy###...#...#t..
###..#@#^#...#.#...#...
#..#.#.y©#§#.#...#b..
###..#.).###y§.#...#b..
#8#..#.###^..#.#...#...
###..#.#..§###.#...#...
#..#^^?!©[8..#...#..=
###..###########...####
#8#.....#.©.#....≈.....
###...8.#...#...§8≈....


You could see 2 meliai and a friendly wolf (summoned).

Vanquished Creatures
  An ice beast (D:8)
  An ogre (D:5)
  A necrophage (D:7)
  2 centaurs (D:4)
  A kobold brigand (Sewer)
  2 wights (D:7)
  A crimson imp (D:7)
  A human zombie (D:7)
  A hound (D:5)
  3 orc priests
  An iguana (D:7)
  An orc wizard (D:8)
  A mummy (D:7)
  A howler monkey zombie (D:9)
  A howler monkey skeleton (D:4)
  2 adders
  2 river rats
  An adder skeleton (D:4)
  A dart slug (D:4)
  3 orcs
  3 ball pythons
  2 endoplasms (D:4)
  A goblin (D:4)
  3 kobolds
  A frilled lizard (Sewer)
  5 rats (Sewer)
43 creatures vanquished.

Vanquished Creatures (collateral kills)
  3 hydras
  A two-headed ogre (D:11)
  A manticore (D:11)
  An unseen horror (D:11)
  Maggie (D:6)
  A meliai (Gauntlet)
  A vampire (D:11)
  2 shadows
  2 acid dragons
  A water moccasin (D:7)
  Duvessa (D:7)
  A black bear (D:5)
  6 necrophages
  3 ice beasts
  2 ogres (D:4)
  2 kobold brigands
  2 bullfrogs (D:8)
  A gnoll sergeant (D:5)
  3 wyvern zombies
  4 scorpions
  Dowan (D:7)
  8 wights
  A howler monkey (D:5)
  A bullfrog zombie (D:7)
  3 centaur zombies
  2 hounds
  A jelly (D:8)
  5 orc priests
  A centaur skeleton (D:5)
  A gnoll shaman (D:7)
  2 orc wizards
  2 iguanas
  A killer bee zombie (D:7)
  A nameless horror (D:6)
  A hound skeleton (D:4)
  A mummy (D:7)
  A howler monkey zombie (D:7)
  Robin (D:3)
  9 adders
  12 gnolls
  3 river rats (Sewer)
  A white imp (D:7)
  2 ufetubi
  4 worms
  5 dart slugs
  27 orcs
  3 bats (D:2)
  8 endoplasms
  3 giant cockroaches
  7 hobgoblins
  2 jackals
  12 kobolds
  4 quokkas
  10 ball pythons
  11 frilled lizards
  11 goblins
  A jackal skeleton (D:3)
  13 rats
221 creatures vanquished.

Vanquished Creatures (others)
  8 fungi (Gauntlet)
  21 plants
29 creatures vanquished.

Grand Total: 293 creatures vanquished

Notes
Turn   | Place    | Note
-------+----------+-------------------------------------------
     0 | D:1      | trckry the Ogre Summoner began the quest for the Orb.
     0 | D:1      | Reached XP level 1. HP: 16/16 MP: 3/3
   355 | D:1      | Reached XP level 2. HP: 24/24 MP: 3/5
   358 | D:1      | Learned a level 2 spell: Call Imp
   433 | D:1      | Reached skill level 4 in Summonings
   820 | D:1      | Reached XP level 3. HP: 31/31 MP: 4/7
   824 | D:1      | Learned a level 3 spell: Call Canine Familiar
  1119 | D:1      | HP: 4/31 [poisoned by an adder]
  1122 | D:1      | HP: 1/31 [poisoned by an adder]
  1520 | D:2      | Reached XP level 4. HP: 39/39 MP: 4/8
  2287 | D:2      | Reached skill level 5 in Summonings
  2314 | D:2      | Found a bloodstained altar of Trog.
  2518 | D:2      | Learned a level 4 spell: Summon Lightning Spire
  2528 | D:3      | Reached XP level 5. HP: 33/45 MP: 4/10
  2662 | D:3      | Identified the +4 ring mail "Lywo" {+Blink Str+4 Int+3}
  2690 | D:3      | Noticed Robin
  2729 | D:3      | Killed Robin
  3514 | D:3      | Reached skill level 1 in Air Magic
  4050 | D:4      | Reached XP level 6. HP: 44/53 MP: 7/12
  4374 | D:4      | Found a glowing silver altar of Zin.
  4480 | D:4      | Reached skill level 6 in Summonings
  4772 | D:4      | Reached XP level 7. HP: 50/59 MP: 11/14
  4903 | D:4      | Found a bloodstained altar of Trog.
  5137 | D:4      | Reached skill level 5 in Spellcasting
  5334 | D:5      | Entered Level 5 of the Dungeon
  5388 | D:5      | Found a hide-covered altar of Uskayaw.
  5480 | D:5      | Reached skill level 7 in Summonings
  5480 | D:5      | Reached XP level 8. HP: 34/67 MP: 11/16
  5725 | D:5      | Found Qionlea's Magic Scroll Emporium.
  5972 | D:5      | Found a glowing drain.
  5993 | Sewer    | Entered a sewer
  7052 | Sewer    | Gained mutation: You have very sharp teeth. [potion of
                  | mutation]
  7052 | Sewer    | Gained mutation: You have hidden genetic potential. [potion
                  | of mutation]
  7228 | Sewer    | Identified a scroll of acquirement
  7228 | Sewer    | Acquired 785 gold pieces
  7417 | D:5      | Bought a scroll of teleportation for 39 gold pieces
  7417 | D:5      | Bought a scroll of immolation for 45 gold pieces
  7417 | D:5      | Bought a scroll of fear for 45 gold pieces
  7443 | D:5      | Found Efaem's Distillery.
  7497 | D:5      | Reached skill level 8 in Summonings
  7797 | D:6      | Noticed Maggie
  7815 | D:6      | Killed Maggie
  7816 | D:6      | Reached XP level 9. HP: 27/74 MP: 10/19
  8361 | D:6      | Found a staircase to the Ecumenical Temple.
  8367 | Temple   | Entered the Ecumenical Temple
  8593 | Temple   | Became a worshipper of Ru the Awakened
  8675 | D:6      | Gained mutation: You possess an exceptional clarity of
                  | mind. [hidden potential]
  9191 | D:7      | Reached skill level 9 in Summonings
  9212 | D:7      | Reached skill level 5 in Air Magic
  9620 | D:7      | Identified the +6 long sword of Gury {speed, rElec rN++
                  | Int-4 SInv}
  9718 | D:7      | Noticed Duvessa
  9718 | D:7      | Noticed Dowan
  9746 | D:7      | Killed Duvessa
  9756 | D:7      | Killed Dowan
 10133 | D:7      | Found a radiant altar of Vehumet.
 10134 | D:7      | Found a burning altar of Makhleb.
 10489 | D:7      | Reached XP level 10. HP: 81/81 MP: 17/22
 10502 | D:7      | Reached skill level 10 in Summonings
 10528 | D:7      | Found a basalt altar of Yredelemnul.
 10865 | D:8      | Gained mutation: Your muscles are strong. (Str +2) [hidden
                  | potential]
 10865 | D:8      | Lost mutation: You have hidden genetic potential. [hidden
                  | potential expressed]
 11935 | D:9      | Upgraded the game from 0.28.0 to 0.28.0-1-gb440e238dd
 12055 | D:9      | You fall into a shaft and drop 3 floors!
 12148 | D:12     | Noticed a six-headed hydra
 12161 | D:12     | Killed a six-headed hydra
 12162 | D:12     | Reached skill level 11 in Summonings
 12237 | D:11     | Noticed a two-headed ogre
 12237 | D:11     | Noticed a boulder beetle
 12262 | D:11     | Killed a two-headed ogre
 12329 | D:11     | Noticed a four-headed hydra
 12347 | D:11     | Killed a four-headed hydra
 12348 | D:11     | Reached XP level 11. HP: 88/88 MP: 8/24
 12392 | D:11     | Reached skill level 10 in Spellcasting
 12392 | D:11     | Reached skill level 12 in Summonings
 12515 | D:11     | Found a gate leading to a gauntlet.
 12518 | D:11     | Noticed a five-headed hydra
 12519 | D:11     | Noticed a manticore
 12537 | D:11     | HP: 2/88 [manticore/volley of spikes (18)]
 12539 | D:11     | Killed a manticore
 12547 | D:11     | HP: 12/88 [five-headed hydra (9)]
 12551 | D:11     | Killed a five-headed hydra
 12578 | Gauntlet | Entered a Gauntlet
 12578 | Gauntlet | Noticed a fire crab
 12578 | Gauntlet | Found a transporter.
 12578 | Gauntlet | Found a transporter.
 12578 | Gauntlet | Found a transporter.
 12877 | Gauntlet | Found a transporter.
 12879 | Gauntlet | Found a transporter.
 12885 | Gauntlet | Found a transporter.
 12900 | Gauntlet | Found a transporter.
 12922 | Gauntlet | Found a transporter.
 12926 | Gauntlet | Noticed a worldbinder
 12947 | Gauntlet | Found a transporter.
 12962 | Gauntlet | Noticed a catoblepas
 13003 | Gauntlet | Found a transporter.
 13007 | Gauntlet | Found a transporter.
 13017 | Gauntlet | Found a transporter.
 13112 | Gauntlet | HP: 12/88 [meliai/divine providence (10)]
 13113 | Gauntlet | Slain by a meliai

Illustrated notes

Levels and vault maps discovered:
D:1:      saegor_arrival_miasma, layout_rooms
D:2:      kennysheep_six_static_rooms, layout_basic, basic_altar
D:3:      layout_basic, st_stairs_11, uniq_robin
D:4:      layout_loops_ring, mainiacjoe_overflow_paths, amcnicky_altar_gilded,
          minmay_manual_mares
D:5:      layout_gridville, nicolae_uskayaw_dance_hall, portal_sewer_entry_a,
          serial_shops, shop, shop_scrolls
D:6:      layout_basic, minmay_temple_entry_hall, uniq_maggie
D:7:      layout_basic, grunt_temple_overflow_lords_of_destruction,
          lemuel_mausoleum_altar_yredelemnul, uniq_duvessa
D:8:      layout_gridville
D:9:      layout_irregular_city, nicolae_overflow_hidden_temple,
          nemelex_spade_bored_becter, david_orc_4
D:11:     layout_rooms, serial_glass, glass_columns_a, glass_columns_b,
          glass_columns_b, glass_columns_b, glass_columns_c,
          gauntlet_entry_generic, onia_ninara_cookie
D:12:     layout_gridville, serial_shops, nicolae_shop_crystal
Temple:   compressed_dpeg_triangle_lava_temple
Gauntlet: gammafunk_gauntlet_shortcut [nicolae_gauntlet_arena_grate_2,
          gammafunk_gauntlet_arena_grid, gammafunk_gauntlet_arena_open,
          gammafunk_gauntlet_arena_chambers, gammafunk_gauntlet_arena_crates,
          gammafunk_gauntlet_arena_hedges,
          nicolae_gauntlet_exit_dead_adventurers]

Skill      XL: |  1  2  3  4  5  6  7  8  9 10 11 |
---------------+----------------------------------+-----
Summonings     | 4 5 6 7 8 9 11 12 | 12.8
Spellcasting   | 3 4 5 6 8 9 10 | 10.0
Air Magic      | 1 2 3 4 5 6 |  6.0
Dodging        | |  1.7
Stealth        | |  1.4

Action                   |  1- 3 |  4- 6 |  7- 9 | 10-12 || total
-------------------------+-------+-------+-------+-------++-------
Melee: Unarmed           |       |     1 |       |       ||     1
       Whip              |       |    29 |   135 |    74 ||   238
       Punch             |       |     3 |     3 |     2 ||     8
       Bite              |       |       |     7 |     9 ||    16
 Cast: Summon Small Mamm |    21 |     2 |     1 |       ||    24
       Call Imp          |    10 |    16 |     3 |     1 ||    30
       Call Canine Famil |     4 |    24 |    50 |    20 ||    98
       Summon Lightning  |       |       |    10 |    13 ||    23
Invok: Reject Sacrifices |       |       |       |     1 ||     1
  Use: Potion            |     2 |     4 |     8 |     2 ||    16
       Scroll            |       |       |    10 |     3 ||    13
 Stab: Distracted        |       |       |     4 |     1 ||     5
       Sleeping          |       |       |     1 |       ||     1
Armor: Robe              |    27 |    56 |    27 |       ||   110
       Steam dragon scal |       |       |     8 |    26 ||    34
Dodge: Dodged            |    34 |    67 |    69 |    21 ||   191
Block: Other             |     8 |    31 |    38 |    24 ||   101
       Reflection        |       |     2 |     4 |     2 ||     8
